 Dungeon Crawl Stone Soup version 0.27-a0-1196-g3e9cee4cb2 (webtiles) character file.

Game seed: 11909435029295822785

2257 Essalna the Skirmisher (level 9, 0/68 HPs)
             Began as a Djinni Venom Mage on May 27, 2021.
             Was a Believer of Makhleb.
             Slain by a purple ugly thing (5 damage)
             ... on level 7 of the Dungeon.
             The game lasted 00:17:03 (8054 turns).

Essalna the Skirmisher (Djinni Venom Mage)          Turns: 8054, Time: 00:17:04

Health: 0/68       AC:  4    Str:  7    XL:     9   Next: 64%
Gold:   234        EV: 12    Int: 21    God:    Makhleb [**....] SH:  5 Dex: 17

rFire    + + .     SeeInvis .   n - +3 dagger (vorpal)
rCold    x . .     Faith    .   h - +0 buckler
rNeg     . . .     Spirit   .   r - +1 leather armour "Hihizait" {Dex+4}
rPois    ∞         Reflect  .   (no helmet)
rElec    .         Harm     .   (no cloak)
rCorr    .         Rampage  .   (no gloves)
Will     .....                  (boots unavailable)
Stlth    ++........             (no amulet)
HPRegen  0.21/turn              (no ring)
MPRegen  0.00/turn              (no ring)

@: mighty, flying
A: sickness immunity, fire resistance 2, cold vulnerability 1, float, innate
caster, hp casting, extra vitality 1
a: Renounce Religion, Minor Destruction


You were on level 7 of the Dungeon.
You worshipped Makhleb.
Makhleb was pleased with you.
You visited 1 branch of the dungeon, and saw 7 of its levels.

You collected 234 gold pieces.

Inventory:

Hand Weapons
 n - a +3 vorpal dagger (weapon)
Missiles
 b - 3 atropa-tipped darts
 s - a throwing net
Armour
 a - a +0 robe
 h - a +0 buckler (worn)
 r - the +1 leather armour "Hihizait" (worn) {Dex+4}
   (You found it on level 4 of the Dungeon)

   It affects your dexterity (+4).
Magical Staves
 g - a staff of air
Jewellery
 q - a ring of ice
Wands
 f - a wand of paralysis (5)
 w - a wand of iceblast (8)
Scrolls
 k - a scroll of enchant weapon
 l - a scroll of teleportation {unknown}
 m - a scroll of magic mapping {unknown}
 p - a scroll of silence
 t - 2 scrolls of identify
 u - a scroll of amnesia
Potions
 c - a potion of might
 e - 2 potions of flight
 i - 2 potions of heal wounds
 j - a potion of attraction {unknown}
 v - a potion of curing {unknown}
 x - a potion of magic {unknown}


   Skills:
 + Level 7.3 Fighting
 - Level 4.0 Armour
 - Level 2.1 Dodging
 - Level 1.5 Stealth
 - Level 4.0 Shields
 + Level 6.3 Spellcasting


You couldn't memorise any spells.
You knew the following spells:

 Your Spells              Type           Power      Damage    Failure   Level
a - Sting                 Tmut/Pois      100%       1d8       1%          1
b - Poisonous Vapours     Pois/Air       66%        N/A       1%          2
c - Mephitic Cloud        Conj/Pois/Air  33%        N/A       3%          3
d - Ignite Poison         Fire/Tmut/Pois 33%        N/A       3%          3
e - Olgreb's Toxic Radia  Pois           33%        N/A       10%         4
f - Foxfire               Conj/Fire      100%       2x1d9     1%          1
g - Searing Ray           Conj           66%        3d5       1%          2
h - Conjure Flame         Conj/Fire      33%        6-21      3%          3
i - Vampiric Draining     Necr           16%        2d8       3%          3
Your spell library was empty.

Dungeon Overview and Level Annotations

Branches:
Dungeon (7/15)
 Temple: D:4-7

Altars:
Makhleb

Shops:
D:6 (

Annotations:
D:7 2 runed translucent doors


Innate Abilities, Weirdness & Mutations

You are immune to sickness and miasma.
You are immune to poison.
Your flesh is very heat resistant. (rF++)
You are vulnerable to cold. (rC-)
You float through the air rather than walking.
You learn spells naturally, not from books.
Your magical power is your life essence.
You have superior vitality. (+4 HP)


Message History

The purple ugly thing is moderately wounded.
The purple ugly thing pecks you!
The searing ray hits the purple ugly thing.
The purple ugly thing is moderately wounded.
The purple ugly thing pecks you!
Okay, then.
Things that are here:
+0 steam dragon scales; a steam dragon skeleton The purple ugly thing closely misses you.
There is an open door, spattered with blood here.
Things that are here:
a +0 club; a +0 robe You block the purple ugly thing's attack.
As you read the scroll labelled XUFIPL UPIST, it crumbles to dust.
It is a scroll of brand weapon.
Your +2 dagger of venom emits a brilliant flash of light!
n - a +2 vorpal dagger (weapon)
The purple ugly thing barely misses you.
Okay, then.
Unknown command.
Unknown command.
It was a potion of might.
You feel very mighty all of a sudden.
The purple ugly thing closely misses you.
It was a potion of heal wounds.
You feel much better. The purple ugly thing pecks you!
As you read the scroll labelled VYASSURRAOMY, it crumbles to dust.
It is a scroll of enchant weapon.
Your +2 vorpal dagger glows red for a moment.
The purple ugly thing pecks you!!
* * * LOW HITPOINT WARNING * * *
As you read the scroll labelled QOGUAH MIUL GOS, it crumbles to dust.
It is a scroll of amnesia.
You feel forgetful for a moment. The purple ugly thing pecks you!
* * * LOW HITPOINT WARNING * * *
Unknown command.
As you read the scroll labelled OLLECO WOHOOTI, it crumbles to dust.
Wisps of shadow whirl around you...
It was a scroll of summoning.
The purple ugly thing pecks you.
You die...

.#[ #...# #8.
##..# #8.
####### #..#
..##++##.)[#.##
#..#
.........#÷.#(#
#..#
########.#.####
#..# #.##.
##..#
#..######..##
##..Zu@hh.##
##########


You could see a purple ugly thing (ally target), 2 friendly howler monkeys and a
friendly centaur skeleton (summoned).

Vanquished Creatures
  A two-headed ogre (D:6)
  Grinder (D:3)
  A steam dragon (D:7)
  A black bear (D:5)
  An ice beast (D:6)
  An orc warrior (D:6)
  2 sky beasts
  A centaur (D:5)
  A bullfrog (D:7)
  A scorpion (D:5)
  A howler monkey (D:5)
  A bullfrog zombie (D:7)
  3 hounds
  2 bullfrog skeletons
  An orc priest (D:6)
  2 gnoll shamans
  2 iguanas (D:5)
  A scorpion zombie (D:5)
  A hound skeleton (D:4)
  7 gnolls
  9 adders
  A white imp (D:6)
  An adder skeleton (D:4)
  A worm (D:2)
  4 dart slugs
  12 orcs
  7 endoplasms
  3 giant cockroaches
  4 goblins
  6 hobgoblins
  3 jackals
  11 kobolds
  4 quokkas
  4 ball pythons
  9 bats
  6 frilled lizards
  7 rats
124 creatures vanquished.

Vanquished Creatures (others)
  46 foxfires
46 creatures vanquished.

Grand Total: 170 creatures vanquished

Notes
Turn   | Place    | Note
-------+----------+-------------------------------------------
     0 | D:1      | Essalna the Djinni Venom Mage began the quest for the Orb.
     0 | D:1      | Reached XP level 1. HP: 15/15 MP: 0/0
   330 | D:1      | Reached skill level 1 in Fighting
   330 | D:1      | Reached XP level 2. HP: 18/22 MP: 0/0
   879 | D:1      | Found a faded altar of an unknown god.
   984 | D:1      | Reached XP level 3. HP: 24/27 MP: 0/0
   984 | D:1      | Learned a level 1 spell: Foxfire
  1365 | D:2      | Reached skill level 2 in Fighting
  1687 | D:2      | Reached XP level 4. HP: 15/33 MP: 0/0
  1972 | D:2      | Found a burning altar of Makhleb.
  2029 | D:2      | Became a worshipper of Makhleb the Destroyer
  2839 | D:3      | Noticed a sky beast
  2863 | D:3      | Killed a sky beast
  2864 | D:3      | Reached skill level 3 in Fighting
  2864 | D:3      | Reached XP level 5. HP: 32/40 MP: 0/0
  2864 | D:3      | Learned a level 2 spell: Searing Ray
  3033 | D:3      | Noticed Grinder
  3213 | D:3      | Reached XP level 6. HP: 36/46 MP: 0/0
  3400 | D:3      | Reached * piety under Makhleb
  3551 | D:3      | Paralysed by Grinder for 6 turns
  3614 | D:3      | Killed Grinder
  3615 | D:3      | Reached skill level 4 in Fighting
  3615 | D:3      | Reached XP level 7. HP: 34/52 MP: 0/0
  3615 | D:3      | Learned a level 3 spell: Conjure Flame
  5144 | D:4      | Identified the +1 leather armour "Hihizait" {Dex+4}
  5417 | D:5      | Entered Level 5 of the Dungeon
  5647 | D:5      | Reached skill level 5 in Fighting
  5647 | D:5      | Reached XP level 8. HP: 24/59 MP: 0/0
  5837 | D:5      | Reached skill level 1 in Armour
  6560 | D:5      | Reached ** piety under Makhleb
  6561 | D:5      | Reached skill level 5 in Spellcasting
  7138 | D:6      | Reached skill level 6 in Fighting
  7237 | D:6      | Reached XP level 9. HP: 62/66 MP: 0/0
  7237 | D:6      | Learned a level 3 spell: Vampiric Draining
  7434 | D:6      | Found Kikh's Weapon Emporium.
  7434 | D:6      | Noticed a two-headed ogre
  7440 | D:6      | Killed a two-headed ogre
  7441 | D:6      | Reached skill level 7 in Fighting
  7764 | D:7      | Found a large runed translucent door.
  7764 | D:7      | Found a large runed translucent door.
  8035 | D:7      | Noticed a purple ugly thing
  8054 | D:7      | Slain by a purple ugly thing

Illustrated notes

Levels and vault maps discovered:
D:1:      nzn_arrival_crosshair, layout_basic,
          hellmonk_ecumenical_altar_prayer_group, minivault_14,
          due_unseen_surprise
D:2:      layout_basic, basic_altar, minmay_pentomino_u4
D:3:      layout_basic, eino_curves_03, uniq_grinder
D:4:      minmay_inner_zag, layout_basic, serial_glass, glass_columns_b,
          glass_columns_c
D:5:      layout_cave_pools
D:6:      layout_loops_cross, serial_shops, kennysheep_little_box
D:7:      layout_rooms, minmay_temple_entry_fiery, roderic_lattice_a,
          minmay_hollow_rounded_squares

Skill      XL: |  1  2  3  4  5  6  7  8  9 |
---------------+----------------------------+-----
Fighting       | 1 2 3 4 5 6 7 |  7.3
Spellcasting   | 3 4 5 6 |  6.3
Shields        | 2 3 4 |  4.0
Armour         | 3 4 |  4.0
Dodging        | |  2.1
Stealth        | |  1.5

Action                   |  1- 3 |  4- 6 |  7- 9 || total
-------------------------+-------+-------+-------++-------
Melee: Unarmed           |     2 |       |       ||     2
       Dagger            |       |       |    15 ||    15
 Cast: Sting             |    59 |     3 |     9 ||    71
       Poisonous Vapours |    10 |    55 |    97 ||   162
       Searing Ray       |       |     4 |     8 ||    12
       Ignite Poison     |       |       |     8 ||     8
       Conjure Flame     |       |       |     5 ||     5
       Mephitic Cloud    |       |       |     1 ||     1
       Foxfire           |       |       |    25 ||    25
  Use: Scroll            |     2 |     4 |     4 ||    10
       Potion            |       |       |     2 ||     2
Armor: Robe              |     5 |     2 |     2 ||     9
       Leather armour    |       |       |     4 ||     4
Dodge: Dodged            |    23 |     9 |    36 ||    68
Block: Buckler           |       |     1 |    16 ||    17

Table legend: (Time is in decaauts)
 A = Elapsed time spent in this place.
 B = Non-inter-level travel time spent in this place.
 C = Inter-level travel time spent in this place.
 D = Time resting spent in this place.
 E = Time spent auto-exploring this place.
 F = Levels seen in this place.
 G = Mean time per level.
                   A        B        C        D        E       F      G
               +--------+--------+--------+--------+--------+-----+--------+
         Total |   8055 |   7844 |    211 |    197 |   6858 |   7 | 1150.7 |
       Dungeon |   8055 |   7844 |    211 |    197 |   6858 |   7 | 1150.7 |
               +--------+--------+--------+--------+--------+-----+--------+

Top non-repeatable levels by time:
     D:4: 1597 daAuts
     D:2: 1530 daAuts
     D:3: 1353 daAuts
     D:1: 1320 daAuts
     D:5: 983 daAuts
     D:6: 897 daAuts
     D:7: 372 daAuts
